AoeStats
← Besná Lama

Arabia

504480321Analyzed
1v1 RM · 27d ago on Sep 5, 2026· 48m 15s· 2 players
Game mode
Random Map
Map size
Tiny (2 player)
Population
200
Speed
Normal
Resources
Standard
Victory
Conquest
Starting age
Dark Age
Ending age
Imperial Age
RankedLock teamsTeams togetherTeam positionsShared explorationLock speedFull tech treeHidden civsTurbo modeCheats
Victory
Defeat
🇨🇿 Lithuanians · Czechia
924
+15
🇸🇰 Inca · Slovakia
899
-15
Besná Lama
9:56 Feudal Age
10:21 Champi Runner
10:47 Arson
11:11 Double-Bit Axe
11:17 Gold Mining
12:45 Loom
12:47 Horse Collar
24:14 Castle Age
24:28 Forging
24:24 Scale Mail Armor
24:19 Fletching
25:31 Champi Warrior
26:37 Heavy Plow
26:49 Bow Saw
27:09 Forging
29:52 Crossbowman
30:38 Thumb Ring
31:53 Bodkin Arrow
32:35 Iron Casting
32:32 Scale Mail Armor
34:09 Pikeman
36:39 Gold Shaft Mining
36:16 Squires
39:27 Town Watch
SPASITEL
10:43 Feudal Age
13:06 Double-Bit Axe
14:06 Loom
15:26 Bloodlines
21:02 Castle Age
25:48 Stone Mining
25:50 Gold Mining
26:13 Bow Saw
26:59 Wheelbarrow
28:13 Fletching
28:51 Elite Skirmisher
29:45 Thumb Ring
32:40 Horse Collar
36:17 Bodkin Arrow
36:23 Padded Archer Armor
36:33 Forging
36:29 Scale Barding Armor
41:43 Imperial Age
39:30 Hand Cart
40:39 Chain Barding Armor
40:35 Leather Archer Armor
40:56 Iron Casting
42:47 Conscription
41:58 Cavalier
44:20 Paladin
44:22 Light Cavalry
Connection lost

Rejoining the realm…

Still unreachable

The connection could not be restored.

Session expired

The server has moved on; the page needs a fresh start.